 Dungeon Crawl Stone Soup version 0.19.5 (webtiles) character file.

138 juanjsm the Sneak (level 5, -4/25 HPs)
             Began as a Spriggan Enchanter on Mar 6, 2017.
             Slain by a gnoll
             ... wielding a +0 halberd
              (9 damage)
             ... on level 3 of the Dungeon.
             The game lasted 00:08:23 (2232 turns).

juanjsm the Sneak (Spriggan Enchanter)              Turns: 2232, Time: 00:08:24

Health: -4/25      AC:  3    Str:  4    XL:     5   Next: 1%
Magic:  1/11       EV: 19    Int: 17    God:
Gold:   81         SH:  0    Dex: 17    Spells: 4 memorised, 1 level left

rFire  . . .     SeeInvis +     a - +1 dagger
rCold  . . .     Gourm    .     b - +1 robe
rNeg   . . .     Faith    .     (shield restricted)
rPois  +         Spirit   .     (helmet restricted)
rElec  .         Reflect  .     (no cloak)
rCorr  .         Harm     .     (gloves unavailable)
MR     .....                    (boots unavailable)
Stlth  ++........               (no amulet)
                                m - ring of loudness (curse)
                                h - ring of poison resistance

@: very slightly contaminated, very quick
A: unfitting armour, see invisible, herbivore 3, speed 3, slow metabolism 2
a: no special abilities


You were on level 3 of the Dungeon.
You were hungry.

You visited 1 branch of the dungeon, and saw 3 of its levels.

You collected 81 gold pieces.

Inventory:

Hand Weapons
 a - a +1 dagger (weapon)
Armour
 b - a +1 robe (worn)
Jewellery
 h - a ring of poison resistance (left hand)
 m - a cursed ring of loudness (right hand)
Wands
 i - a wand of teleportation (6/9)
Scrolls
 e - a scroll of random uselessness {unknown}
 f - a scroll of noise {unknown}
 j - 3 scrolls of teleportation {unknown}
 k - a scroll of identify {unknown}
 n - a scroll of magic mapping {unknown}
Potions
 g - a potion of curing {unknown}
 l - 2 potions of berserk rage {unknown}
Books
 c - a book of Maledictions

   Spells                             Type                      Level
   a - Corona                         Hexes                        1
   b - Ensorcelled Hibernation        Hexes/Ice                    2
   c - Confuse                        Hexes                        3
   d - Tukima's Dance                 Hexes                        3
   e - Dazzling Spray                 Conjuration/Hexes            3
Comestibles
 d - 2 bread rations


   Skills:
 + Level 1.2 Fighting
 + Level 2.4 Short Blades
 + Level 4.3 Dodging
 + Level 5.4 Stealth
 + Level 3.4 Spellcasting
 + Level 4.2 Hexes


You had one spell level left.
You knew the following spells:

 Your Spells              Type           Power        Failure   Level  Hunger
a - Corona                Hex            ###....      2%          1    None
b - Ensorcelled Hibernat  Hex/Ice        ##....       14%         2    ##.....
c - Confuse               Hex            ###.....     10%         3    ###....
d - Dazzling Spray        Conj/Hex       ##....       24%         3    ###....


Dungeon Overview and Level Annotations

Branches:
Dungeon (3/15)

Altars:

Annotations:
D:3 DishwasherDemon's ghost, amateur CeFi


Innate Abilities, Weirdness & Mutations

You are very small and have problems with some larger weapons.
You are too small for most types of armour.
You have supernaturally acute eyesight. (SInv)
You are a herbivore.
You cover ground extremely quickly.
You need consume almost no food.


Message History

Casting: Ensorcelled Hibernation
Confirm with . or Enter, or press ? or * to list all spells.
Aiming: Ensorcelled Hibernation
Press: ? - help, Shift-Dir - straight line, f/p - adder
Aim: an adder (almost dead, chance to defeat MR: 50%)
The adder resists with some effort.
The jackal bites you but does no damage.
The adder completely misses you.
The jackal pauses to sniff the ground.
The jackal bites you but does no damage.
The gnoll completely misses you.
You are too injured to fight recklessly!
You hit the adder but do no damage.
The adder is almost dead.
The adder barely misses you. The jackal barely misses you.
You miss the adder.
The adder is severely wounded.
The adder completely misses you.
The gnoll hits you from afar with a halberd!
You die...

≈≈≈≈≈≈≈≈....≈
≈≈≈≈≈≈≈≈..b.
....h.......
......(>...
......... .......
#..#g#########.
#.#bh@S.......
#####...########..
........(..#
######...#.#
.........#.#
############....#
#..........#....#
#.####.#.#.#.>..#
#..#.#.#.##.#.#


You could see a gnoll, an adder, a jackal and a bat.

Vanquished Creatures
  Ijyb (D:2)
  Terence (D:2)
  Natasha (D:2)
  A gnoll (D:3)
  An adder (D:3)
  A worm (D:2)
  A dart slug (D:1)
  7 bats
  3 giant cockroaches
  4 goblins (D:1)
  6 hobgoblins
  A jackal (D:3)
  A quokka (D:2)
  2 frilled lizards
  5 kobolds
  6 rats
42 creatures vanquished.

Notes
Turn   | Place    | Note
-------+----------+-------------------------------------------
     0 | D:1      | juanjsm the Spriggan Enchanter began the quest for the Orb.
     0 | D:1      | Reached XP level 1. HP: 9/9 MP: 5/5
   481 | D:1      | Reached XP level 2. HP: 11/14 MP: 6/6
   485 | D:1      | Learned a level 2 spell: Ensorcelled Hibernation
  1187 | D:1      | Reached XP level 3. HP: 14/17 MP: 5/8
  1192 | D:1      | Learned a level 3 spell: Confuse
  1279 | D:2      | Noticed Terence
  1543 | D:2      | Killed Terence
  1599 | D:2      | Noticed Natasha
  1669 | D:2      | Noticed Ijyb
  1762 | D:2      | Killed Natasha
  1762 | D:2      | Reached skill level 1 in Fighting
  1762 | D:2      | Reached skill level 5 in Stealth
  1762 | D:2      | Reached XP level 4. HP: 22/22 MP: 3/9
  1767 | D:2      | Learned a level 3 spell: Dazzling Spray
  1943 | D:2      | Found a faded altar of an unknown god.
  1950 | D:2      | Killed Ijyb
  2083 | D:3      | Noticed DishwasherDemon's ghost (amateur CeFi)
  2208 | D:3      | Reached XP level 5. HP: 25/25 MP: 6/11
  2232 | D:3      | Slain by a gnoll

Skill      XL: |  1  2  3 |
---------------+----------+-----
Short Blades   | 2 |  2.4
Spellcasting   | 3 |  3.4
Fighting       | 1 |  1.2
Dodging        | 4 |  4.3
Stealth        | 5 |  5.4
Hexes          | 4 |  4.2

Action                   |  1- 3 |  4- 6 || total
-------------------------+-------+-------++-------
Melee: Dagger            |   116 |    41 ||   157
 Cast: Corona            |     6 |       ||     6
       Ensorcelled Hiber |    19 |    10 ||    29
       Confuse           |     6 |     1 ||     7
 Stab: Sleeping          |    19 |     7 ||    26
       Confused          |     2 |     1 ||     3
       Distracted        |     1 |       ||     1
  Eat: Fruit             |       |     1 ||     1
Armor: Robe              |    16 |     6 ||    22
Dodge: Dodged            |   105 |    66 ||   171
